 Dungeon Crawl Stone Soup version 0.28.0-53-g5a82cb258f (webtiles) character file.

Game seed: 13341493740879502810

51 quokkamancerX the Caller (level 3, -1/19 HPs)
             Began as a Tengu Summoner on June 15, 2022.
             Slain by a phantom (8 damage)
             ... on level 4 of the Dungeon.
             The game lasted 00:11:05 (3427 turns).

quokkamancerX the Caller (Tengu Summoner)           Turns: 3427, Time: 00:11:06

Health: -1/19      AC:  2    Str:  8    XL:     3   Next: 81%
Magic:  3/9        EV: 12    Int: 17    God:
Gold:   138        SH:  0    Dex: 14    Spells: 3/9 levels left

rFire   . . .      SeeInvis .   b - +0 short sword
rCold   . . .      Faith    .   (no shield)
rNeg    . . .      Spirit   .   a - +0 robe
rPois   .          Reflect  .   (helmet restricted)
rElec   .          Harm     .   (no cloak)
rCorr   .          Rampage  .   (no gloves)
Will    .....                   (boots unavailable)
Stlth   ++........              (no amulet)
HPRegen 0.06/turn               (no ring)
MPRegen 0.11/turn               (no ring)

@: no status effects
A: beak, talons 3
a: no special abilities


You were on level 4 of the Dungeon.
You visited 1 branch of the dungeon, and saw 4 of its levels.

You collected 138 gold pieces.

Inventory:

Hand Weapons
 b - a +0 short sword (weapon)
Armour
 a - a +0 robe (worn)
Scrolls
 f - a scroll of teleportation {unknown}
 h - a scroll of summoning
 i - a scroll of noise {unknown}
 j - a scroll of magic mapping {unknown}
 k - a scroll of vulnerability {unknown}
 l - a scroll of identify {unknown}
 n - a scroll of blinking {unknown}
Potions
 c - a potion of brilliance {unknown}
 d - a potion of resistance {unknown}
 e - 2 potions of flight {unknown}
 g - a potion of might {unknown}
 m - a potion of haste {unknown}


   Skills:
 - Level 2.1 Dodging
 - Level 2.0 Stealth
 + Level 3.7 Spellcasting
 - Level 4.8 Summonings


You had 3 spell levels left.
You knew the following spells:

 Your Spells              Type           Power      Damage    Failure   Level
a - Summon Small Mammal   Summ           76%        N/A       2%          1
b - Call Canine Familiar  Summ           19%        N/A       7%          3
c - Call Imp              Summ           19%        N/A       3%          2

Your spell library contained the following spells:

 Spells                   Type           Power      Damage    Failure   Level
 Summon Guardian Golem    Hex/Summ       11%        N/A       19%         3
 Summon Lightning Spire   Summ/Air       11%        N/A       52%         4


Dungeon Overview and Level Annotations

Branches:
Dungeon (4/15)
 Temple: D:4-7

Altars:


Innate Abilities, Weirdness & Mutations

You have a beak for a mouth.
You have claws for feet.


Message History

Your hound bites the phantom.
The phantom hits your hound.
The phantom blinks!
Your hound blinks!
Your hound closely misses the phantom. x2
The phantom hits your crimson imp but does no damage.
Your hound bites the phantom.
Your crimson imp completely misses the phantom.
Your hound bites the phantom but does no damage.
The phantom hits your crimson imp but does no damage.
Your crimson imp hits the phantom but does no damage.
Your hound barely misses the phantom.
The phantom hits your crimson imp.
The phantom blinks!
Your crimson imp blinks!
Your crimson imp misses the phantom.
Your magical contamination has completely faded away.
The phantom hits you.
Your crimson imp hits the phantom but does no damage.
You barely miss the phantom. Your peck misses the phantom.
The phantom is heavily damaged.
The phantom hits you.
The phantom blinks!
You blink.
Your hound barely misses the phantom.
The phantom hits you!
Your crimson imp disappears in a puff of smoke!
Your hound misses the phantom.
Your hound bites the phantom.
The phantom hits your hound.
The phantom blinks!
Your hound blinks!
Your hound bites the phantom.
There is a stone staircase leading up here.
You closely miss the phantom. You claw the phantom.
Your peck misses the phantom.
The phantom is severely damaged.
Your hound misses the phantom. The phantom barely misses you.
Your hound bites the phantom but does no damage.
You closely miss the phantom.
The phantom is severely damaged.
The phantom misses you.
Your hound closely misses the phantom.
You are too injured to fight recklessly!
Casting: Call Canine Familiar (extremely dangerous; 7% risk of failure)
Confirm with . or Enter, or press ? or * to list all spells.
Your hound closely misses the phantom.
The phantom hits you!
You die...

#†# ##...## #.#
#########.....# #.#
#.........)..# #.#
#.......###..#
#.###.......####.#
#........<....##.#
#.###.......#.##.# #.#
#.......#.##)### #.#
#........[.W@..# #.#
#########§h....###
#.###########...b....#
#.#......§...§.....#.#
#.#.##########.....#.#
#.#.# ####### # #.#.#
..#.# ###.#


You could see a phantom (ally target), a friendly hound (summoned) and a
friendly bat (summoned).

Vanquished Creatures
  An ufetubus (D:3)
  A dart slug (D:1)
  8 ball pythons
  A bat (D:1)
  An endoplasm (D:3)
  A giant cockroach (D:2)
  4 goblins
  5 hobgoblins
  4 kobolds
  2 quokkas
  2 frilled lizards (D:1)
  A jackal skeleton (D:4)
  A rat (D:1)
32 creatures vanquished.

Vanquished Creatures (collateral kills)
  2 bats
  An endoplasm (D:3)
  2 quokkas
  A ball python (D:4)
  2 kobolds
8 creatures vanquished.

Grand Total: 40 creatures vanquished

Notes
Turn   | Place    | Note
-------+----------+-------------------------------------------
     0 | D:1      | quokkamancerX the Tengu Summoner began the quest for the
                  | Orb.
     0 | D:1      | Reached XP level 1. HP: 10/10 MP: 4/4
   245 | D:1      | Reached XP level 2. HP: 15/15 MP: 6/6
  1082 | D:1      | Learned a level 2 spell: Call Imp
  1205 | D:2      | Reached XP level 3. HP: 16/19 MP: 8/8
  1359 | D:2      | Learned a level 3 spell: Call Canine Familiar
  1985 | D:3      | Found a faded altar of an unknown god.
  3362 | D:4      | Noticed a phantom
  3427 | D:4      | Slain by a phantom

Illustrated notes

Levels and vault maps discovered:
D:1:      matt_arrival_grand_opening, layout_basic, minmay_distorted
D:2:      layout_basic
D:3:      layout_loops_cross, shapermc_ecumenical_altar_starsandcircs
D:4:      layout_loops_ring, minmay_goblin_kobold_house

Skill      XL: |  1  2 |
---------------+-------+-----
Spellcasting   | 3 |  3.7
Dodging        | |  2.1
Stealth        | |  2.0
Summonings     | |  4.8

Action                   || total
-------------------------++-------
Melee: Short sword       ||    93
       Kick              ||    17
       Peck              ||    14
       Punch             ||     1
 Cast: Summon Small Mamm ||     9
       Call Canine Famil ||     5
       Call Imp          ||     2
  Use: Scroll            ||     1
 Stab: Sleeping          ||    11
Armor: Robe              ||    16
Dodge: Dodged            ||    60
